 Dungeon Crawl Stone Soup version 0.30-a0-364-gf6b3ef1049 (webtiles) character file.

Game seed: 3408631757019979759

179 purpskrrrp the Shooter (level 5, -4/32 HPs)
             Began as a Kobold Hunter on Nov 15, 2022.
             Engulfed by a steam dragon's steam (6 damage)
             ... on level 4 of the Dungeon.
             The game lasted 00:04:38 (3385 turns).

purpskrrrp the Shooter (Kobold Hunter)              Turns: 3385, Time: 00:04:39

Health: -4/32      AC:  3    Str:  8    XL:     5   Next: 90%
Magic:  5/5        EV: 15    Int: 10    God:
Gold:   201        SH:  0    Dex: 21    Spells: 4/4 levels left

rFire   . . .      SeeInvis .    k - +2 dagger (venom)
rCold   . . .      Faith    .    (no shield)
rNeg    . . .      Spirit   .    c - +0 leather armour
rPois   .          Reflect  .    (no helmet)
rElec   .          Harm     .    (no cloak)
rCorr   .          Rampage  .    (no gloves)
Will    .....                    (no boots)
Stlth   ++++......               (no amulet)
HPRegen 0.25/turn                (no ring)
MPRegen 0.09/turn                (no ring)

@: no status effects
A: small, no large weapons, nightstalker 3
a: no special abilities


You were on level 4 of the Dungeon.
You visited 1 branch of the dungeon, and saw 5 of its levels.

You collected 201 gold pieces.

Inventory:

Hand Weapons
 a - a +1 shortbow
 k - a +2 dagger of venom (weapon)
Armour
 c - a +0 leather armour (worn)
Scrolls
 b - 2 scrolls of immolation
 g - 3 scrolls of enchant weapon
 h - a scroll of teleportation
 j - a scroll of poison
 n - a scroll of magic mapping {unknown}
Potions
 d - a potion of invisibility {unknown}
 e - 2 potions of magic {unknown}
 f - a potion of brilliance
 i - 2 potions of mutation {unknown}
 l - a potion of attraction {unknown}
 m - a potion of lignification {unknown}


   Skills:
 + Level 3.3 Fighting
 * Level 7.0 Ranged Weapons
 + Level 3.6 Dodging
 + Level 3.4 Stealth


You had 4 spell levels left.
You didn't know any spells.
Your spell library contained the following spells:

 Spells                   Type           Power      Damage    Failure   Level
 Sandblast                Erth           0%         2d4       50%         1
 Passwall                 Tmut/Erth      0%         N/A       63%         2
 Stone Arrow              Conj/Erth      0%         3d7       86%         3


Dungeon Overview and Level Annotations

Branches:
Dungeon (5/15)
 Temple: D:4-7

Altars:
Ru
Trog
The Shining One


Innate Abilities, Weirdness & Mutations

You are small and have problems with some larger weapons.
You are completely attuned to the shadows.


Message History

You hear the sound of rushing water.
There is an entrance to a sewer on this level.
Hurry and find it before the portal rusts away!
There is a stone staircase leading down here.
i - 2 fuming purple potions (gained 1)
A steam dragon comes into view.
The steam dragon hisses angrily.
The steam dragon breathes steam at you. The ball of steam hits you!
Ouch! That really hurt!
The steam dragon moves out of view.
You feel better.
You barely miss the steam dragon. The steam dragon breathes steam at you.
The ball of steam hits you!!
Ouch! That really hurt!
* * * LOW HITPOINT WARNING * * *
You are too injured to fight recklessly!
You are too injured to fight recklessly!
You are too injured to fight recklessly!
You are too injured to fight recklessly!
You are too injured to fight recklessly!
You are too injured to fight recklessly!
You are too injured to fight recklessly!
You are too injured to fight recklessly!
You are too injured to fight recklessly!
You are too injured to fight recklessly!
You are too injured to fight recklessly!
You are too injured to fight recklessly!
You are too injured to fight recklessly!
You are too injured to fight recklessly!
You are too injured to fight recklessly!
You are too injured to fight recklessly!
You are too injured to fight recklessly!
You are too injured to fight recklessly!
Okay, then.
You hit the steam dragon but do no damage.
The steam dragon is poisoned.
You hear the slow rusting of a very distant drain.
You are engulfed in a cloud of scalding steam.
You die...

#.## #.#
#.#######
#.#.....#
#.#.###.#
#...# #.#
##### #§#
#§# #@#
#D#
D.§..#
######


You could see a steam dragon (very poisoned).

Vanquished Creatures
  7 adders
  4 gnolls
  4 worms (D:3)
  3 dart slugs
  2 orcs
  3 bats
  5 endoplasms
  5 giant cockroaches
  3 goblins
  5 hobgoblins
  2 quokkas
  8 ball pythons
  7 frilled lizards
  4 kobolds
  3 rats
65 creatures vanquished.

Notes
Turn   | Place    | Note
-------+----------+-------------------------------------------
     0 | D:1      | purpskrrrp the Kobold Hunter began the quest for the Orb.
     0 | D:1      | Reached XP level 1. HP: 12/12 MP: 1/1
    53 | D:1      | You fall into a shaft and drop 1 floor!
   197 | D:2      | Reached XP level 2. HP: 18/18 MP: 2/2
   458 | D:2      | Reached XP level 3. HP: 11/22 MP: 3/3
   638 | D:2      | Found a bloodstained altar of Trog.
   826 | D:2      | Reached skill level 6 in Ranged Weapons
  1314 | D:3      | Reached XP level 4. HP: 27/27 MP: 4/4
  1858 | D:1      | Found a faded altar of an unknown god.
  2323 | D:1      | Reached XP level 5. HP: 32/32 MP: 5/5
  2978 | D:3      | Found a glowing golden altar of the Shining One.
  2981 | D:3      | Found a sacrificial altar of Ru.
  3199 | D:3      | You fall into a shaft and drop 2 floors!
  3199 | D:5      | Entered Level 5 of the Dungeon
  3314 | D:5      | Reached skill level 7 in Ranged Weapons
  3379 | D:4      | Noticed a steam dragon
  3385 | D:4      | Engulfed by a steam dragon's steam

Illustrated notes

Levels and vault maps discovered:
D:1:      wheals_arrival_linesprint, layout_basic,
          dreamdust_ecumenical_altar_grove, st_stairs_12, palyth_stone_intersect
D:2:      layout_basic, basic_altar
D:3:      layout_rooms, jmf_multi_god_temple, nicolae_wormholes
D:4:      layout_basic, nicolae_overflow_squiral, minmay_temple_entry_waves,
          portal_sewer_entry_b, ebering_dispersal_statue_hall
D:5:      layout_basic

Skill      XL: |  1  2  3  4  5 |
---------------+----------------+-----
Stealth        | 2 3 |  3.4
Ranged Weapons | 6 7 |  7.0
Dodging        | 3 |  3.6
Fighting       | 3 |  3.3

Action                   |  1- 3 |  4- 6 || total
-------------------------+-------+-------++-------
Melee: Dagger            |       |    88 ||    88
       Punch             |       |     3 ||     3
 Fire: Shortbow          |    71 |    28 ||    99
  Use: Potion            |     1 |     2 ||     3
       Scroll            |       |     5 ||     5
 Stab: Sleeping          |       |    14 ||    14
Armor: Leather armour    |    14 |     9 ||    23
Dodge: Dodged            |    57 |    72 ||   129

Table legend: (Time is in decaauts)
 A = Elapsed time spent in this place.
 B = Non-inter-level travel time spent in this place.
 C = Inter-level travel time spent in this place.
 D = Time resting spent in this place.
 E = Time spent auto-exploring this place.
 F = Levels seen in this place.
 G = Mean time per level.
                   A        B        C        D        E       F      G
               +--------+--------+--------+--------+--------+-----+--------+
         Total |   3409 |   3197 |    212 |    427 |   2317 |   5 |  681.8 |
       Dungeon |   3409 |   3197 |    212 |    427 |   2317 |   5 |  681.8 |
               +--------+--------+--------+--------+--------+-----+--------+

Top non-repeatable levels by time:
     D:2: 1578 daAuts
     D:1: 1020 daAuts
     D:3: 625 daAuts
     D:5: 135 daAuts
     D:4: 49 daAuts
